 Dungeon Crawl Stone Soup version 0.31-a0-151-ge443d1f16c (webtiles) character file.

Game seed: 623178246132012318

699 qw the Shooter (level 7, -4/44 HPs)
             Began as a Gargoyle Hunter on June 8, 2023.
             Killed by divine providence
             ... invoked by an orc priest
              (10 damage)
             ... on level 6 of the Dungeon.
             The game lasted 00:01:26 (3587 turns).

qw the Shooter (Gargoyle Hunter)                    Turns: 3587, Time: 00:01:27

Health: -4/44      AC: 10    Str: 15    XL:     7   Next: 65%
Magic:  7/7        EV: 13    Int:  9    God:
Gold:   56         SH:  5    Dex: 17    Spells: 6/6 levels left

rFire   . . .        Y - +1 shortbow
rCold   . . .        (shield currently unavailable)
rNeg    + . .        m - +1 robe {Will+}
rPois   inf          (no helmet)
rElec   +            k - +1 cloak
rCorr   .            c - +0 pair of gloves of Protective Custody {Dex+2}
SInv    .            (no boots)
Will    +....        a - amulet of reflection
Stlth   ++           (no ring)
HPRegen 0.27/turn    (no ring)
MPRegen 0.10/turn

%: reflection
@: about to teleport
A: sickness immunity, AC +4, negative energy resistance 1, electricity
resistance, torment resistance 1, petrification resistance, deformed body,
subdued magic 1
a: no special abilities


You were on level 6 of the Dungeon.
You visited 1 branch of the dungeon, and saw 5 of its levels.

You collected 215 gold pieces.
You spent 159 gold pieces at shops.


Innate Abilities, Weirdness & Mutations

You are immune to sickness and miasma.
Your stone body is resilient. (AC +4)
You are immune to poison.
You resist negative energy. (rN+)
You are resistant to electric shocks. (rElec)
You are resistant to unholy torment.
You are immune to petrification.
Armour fits poorly on your strangely shaped body.
Your spells are a little easier to cast, but a little less powerful.


   Skills:
 - Level 4.9 Fighting
 + Level 7.5 Ranged Weapons
 - Level 1.4 Armour
 - Level 2.6 Dodging
 - Level 1.1 Stealth


You had 6 spell levels left.
You didn't know any spells.
Your spell library was empty.

Inventory:

Hand Weapons
 Y - a +1 shortbow (weapon)
Armour
 c - the +0 pair of gloves of Protective Custody (worn) {Dex+2}
   (You acquired it on level 3 of the Dungeon)

   Dex:       It affects your dexterity (+2).
 h - a +0 ring mail
 k - a +1 cloak (worn)
 m - a +1 robe of willpower (worn)
Jewellery
 a - an amulet of reflection (around neck)
 g - a +4 ring of protection
Scrolls
 d - 2 scrolls of identify
Potions
 e - a potion of haste
 f - 2 potions of curing
 i - a potion of might
 l - a potion of mutation

Dungeon Overview and Level Annotations

Branches:
Dungeon (6/15)
 Temple: D:4-7

Altars:
Kikubaaqudgha
Nemelex Xobeh
Ru
Sif Muna
Xom

Shops:
D:1 ?   D:3 *

Annotations:
D:6 Eustachio


Message History

The hound barks!
You hear an angry hiss.
The adder bites you but does no damage. The ogre barely misses you.
The orc barely misses you.
You shoot an arrow. The arrow hits the ogre.
The ogre is moderately wounded.
The adder bites you but does no damage. The orc hits you with a +0 flail.
You shoot an arrow. The arrow hits the ogre.
The ogre is moderately wounded.
The adder bites you but does no damage. The ogre closely misses you.
An iguana comes into view.
The orc hits you with a +0 flail. The adder closely misses you.
3582 ||| READING 2 scrolls of teleportation.
As you read the scroll of teleportation, it crumbles to dust.
You feel strangely unstable. The ogre barely misses you.
The adder closely misses you. The orc hits you with a +0 flail.
3583 ||| Stepping ~*~*~tactically~*~*~ (outnumbered).
You shoot an arrow. The arrow misses the adder.
The arrow hits the orc.
The orc is almost dead.
The adder closely misses you.
You shoot an arrow. The arrow closely misses the adder.
The arrow hits the hound but does no damage.
You block the adder's attack. The adder bites you.
You shoot an arrow. The arrow hits the adder!
The adder is almost dead.
Your surroundings suddenly seem different.
An orc wizard, Eustachio, a bullfrog and an orc priest come into view.
Eustachio is wielding a +1 rapier of freezing.
The orc priest is wielding a +1 mace of protection.
The bullfrog gives a loud, deep croak!
The orc wizard shouts!
The orc wizard casts a spell.
The orc wizard flickers and vanishes!
Deactivating autopickup; reactivate with Ctrl-A.
Enter note:
3587 ||| READING scroll of teleportation.
As you read the scroll of teleportation, it crumbles to dust.
You feel strangely unstable.
The orc priest invokes the aid of Beogh against you.
Beogh smites you!
You die...

#. #:###...........
#.#.#............ #.
##..........o.. . #.
#..............
.s###.###...............
#FsOhl...l..............
## #S##.........F.......
.# #.##.........@.......
.# #..#.....@...........
.####.#.................
......##....#######.....
........>....# .....
.....####....# ....
.....# #....# ...
.....####....# ...
.............#


You could see Eustachio, a bullfrog, an iguana and an orc priest.

Vanquished Creatures
  Sigmund (D:4)
  Duvessa (D:4)
  A scorpion (D:4)
  Dowan (D:4)
  2 howler monkeys
  An orc priest (D:4)
  An iguana (D:4)
  Jessica (D:3)
  An orc wizard (D:4)
  4 gnolls (D:4)
  A white imp (D:6)
  A worm (D:3)
  4 dart slugs
  8 orcs
  8 bats
  5 endoplasms
  7 giant cockroaches
  5 goblins
  6 hobgoblins
  6 jackals (D:2)
  6 kobolds
  4 quokkas
  2 ball pythons (D:2)
  A frilled lizard (D:1)
  5 rats
83 creatures vanquished.

Notes
Turn   | Place    | Note
-------+----------+-------------------------------------------
     0 | D:1      | qw the Gargoyle Hunter began the quest for the Orb.
     0 | D:1      | Reached XP level 1. HP: 12/12 MP: 1/1
     0 | D:1      | 0 ||| qw: Version: 0.2-a-120-gdf1a93b
     0 | D:1      | 0 ||| qw: Game counter: 3082
     0 | D:1      | 0 ||| qw: Always use a shield: true
     0 | D:1      | 0 ||| qw: God list: Okawaru
     0 | D:1      | 0 ||| qw: Allow faded altars: false
     0 | D:1      | 0 ||| qw: Do Orc after D:15 true
     0 | D:1      | 0 ||| qw: Do second Lair branch before Depths: true
     0 | D:1      | 0 ||| qw: Lair rune preference: random
     0 | D:1      | 0 ||| qw: Plans: Normal
     0 | D:1      | 0 ||| PLANNING D:1-11
   190 | D:1      | Reached XP level 2. HP: 13/17 MP: 2/2
   492 | D:1      | Found Quostast's Magic Scroll Boutique.
   498 | D:1      | 498 ||| BUYING scroll of identify (22 gold).
   498 | D:1      | Bought a scroll of identify for 22 gold pieces
   498 | D:1      | 498 ||| BUYING scroll of identify (22 gold).
   498 | D:1      | Bought a scroll of identify for 22 gold pieces
   498 | D:1      | 498 ||| BUYING scroll of identify (22 gold).
   498 | D:1      | Bought a scroll of identify for 22 gold pieces
   498 | D:1      | 498 ||| SHOPLISTING scroll of teleportation (33 gold, have
                  | 7).
   718 | D:1      | Reached XP level 3. HP: 21/21 MP: 3/3
   810 | D:1      | 810 ||| UPGRADING to +1 cloak.
   815 | D:1      | 815 ||| READING scroll labelled WUCAVONIYMM.
   819 | D:1      | 819 ||| READING scroll labelled RICREF WUZOEKK.
   820 | D:1      | 820 ||| DRINKING 2 yellow potions.
   820 | D:1      | Gained mutation: You expend magic power (3 MP) to
                  | strengthen your wands. [potion of mutation]
   820 | D:1      | Gained mutation: You occasionally lose the ability to drink
                  | potions when taking damage. [potion of mutation]
   820 | D:1      | Gained mutation: Your natural rate of healing is unusually
                  | fast. [potion of mutation]
   821 | D:1      | 821 ||| DRINKING potion of mutation.
   821 | D:1      | Lost mutation: You expend magic power (3 MP) to strengthen
                  | your wands. [potion of mutation]
   821 | D:1      | Lost mutation: You occasionally lose the ability to drink
                  | potions when taking damage. [potion of mutation]
   821 | D:1      | Lost mutation: Your natural rate of healing is unusually
                  | fast. [potion of mutation]
   821 | D:1      | Gained mutation: Armour fits poorly on your strangely
                  | shaped body. [potion of mutation]
   821 | D:1      | Gained mutation: Your spells are a little easier to cast,
                  | but a little less powerful. [potion of mutation]
   822 | D:1      | 822 ||| READING 4 scrolls of identify.
   822 | D:1      | 822 ||| IDENTIFYING black potion
   823 | D:1      | 823 ||| READING 3 scrolls of identify.
   823 | D:1      | 823 ||| IDENTIFYING emerald potion
   824 | D:1      | 824 ||| READING 2 scrolls of identify.
   824 | D:1      | 824 ||| IDENTIFYING cyan potion
   825 | D:1      | 825 ||| DROPPING scroll of butterflies.
   826 | D:1      | 826 ||| DROPPING potion of brilliance.
   942 | D:2      | Reached skill level 5 in Ranged Weapons
  1010 | D:2      | Found a faded altar of an unknown god.
  1238 | D:2      | Reached skill level 3 in Fighting
  1607 | D:2      | 1607 ||| UPGRADING to amulet of reflection.
  1612 | D:2      | 1612 ||| DROPPING ring of flight.
  1613 | D:2      | 1613 ||| READING scroll labelled FAMIDI OGEOGGAA.
  1632 | D:3      | Reached XP level 4. HP: 28/28 MP: 4/4
  2006 | D:3      | Noticed Jessica
  2011 | D:3      | Killed Jessica
  2156 | D:3      | Found Plog's Assorted Antiques.
  2160 | D:3      | 2160 ||| SHOPLISTING emerald ring (120 gold, have 117).
  2160 | D:3      | 2160 ||| BUYING inky potion (21 gold).
  2160 | D:3      | Bought an inky potion for 21 gold pieces
  2160 | D:3      | 2160 ||| BUYING scroll labelled JEBAKU KONGO (24 gold).
  2160 | D:3      | Bought a scroll labelled JEBAKU KONGO for 24 gold pieces
  2160 | D:3      | 2160 ||| BUYING scroll of identify (48 gold).
  2160 | D:3      | Bought a scroll of identify for 48 gold pieces
  2160 | D:3      | 2160 ||| SHOPLISTING scroll of identify (48 gold, have 24).
  2404 | D:3      | 2404 ||| UPGRADING to +0 ring mail.
  2414 | D:3      | 2414 ||| DROPPING +0 leather armour.
  2415 | D:3      | 2415 ||| UPGRADING to +1 robe of willpower.
  2425 | D:3      | 2425 ||| READING scroll labelled QORGHEXZ HADWOX.
  2426 | D:3      | 2426 ||| READING 2 scrolls labelled JEBAKU KONGO.
  2427 | D:3      | 2427 ||| READING scroll labelled CILUNTYRUN.
  2427 | D:3      | Identified a scroll of acquirement
  2427 | D:3      | 2427 ||| ACQUIRING +0 pair of gloves of Protective Custody
                  | {Dex+2}
  2427 | D:3      | Acquired the +0 pair of gloves of Protective Custody
                  | {Dex+2}
  2429 | D:3      | 2429 ||| UPGRADING to +0 pair of gloves of Protective
                  | Custody {Dex+2}.
  2434 | D:3      | 2434 ||| READING scroll labelled TIENEDELUSS.
  2435 | D:3      | 2435 ||| READING 2 scrolls of identify.
  2435 | D:3      | 2435 ||| IDENTIFYING dark potion
  2436 | D:3      | 2436 ||| DROPPING potion of attraction.
  2437 | D:3      | 2437 ||| DROPPING scroll of poison.
  2471 | D:4      | Reached XP level 5. HP: 32/32 MP: 5/5
  2580 | D:4      | Reached skill level 6 in Ranged Weapons
  2590 | D:4      | Reached skill level 1 in Armour
  2650 | D:4      | Noticed Sigmund
  2659 | D:4      | 2659 ||| READING scroll labelled CULOAC PAUN.
  2662 | D:4      | 2662 ||| READING 4 scrolls of identify.
  2662 | D:4      | 2662 ||| IDENTIFYING silvery potion
  2664 | D:4      | 2664 ||| FLEEEEING.
  2665 | D:4      | 2665 ||| FLEEEEING.
  2666 | D:4      | 2666 ||| STAIRDANCE
  2739 | D:3      | 2739 ||| READING 3 scrolls of identify.
  2739 | D:3      | 2739 ||| IDENTIFYING inky potion
  2740 | D:3      | 2740 ||| DROPPING potion of degeneration.
  2750 | D:4      | Killed Sigmund
  2751 | D:4      | Reached XP level 6. HP: 38/40 MP: 6/6
  2980 | D:4      | Reached XP level 7. HP: 44/44 MP: 7/7
  3178 | D:4      | Reached skill level 7 in Ranged Weapons
  3229 | D:4      | Noticed Dowan
  3231 | D:4      | Noticed Duvessa
  3245 | D:4      | Killed Duvessa
  3254 | D:4      | Killed Dowan
  3427 | D:4      | Found a sparkling altar of Nemelex Xobeh.
  3429 | D:4      | Found a shimmering altar of Xom.
  3429 | D:4      | Found a sacrificial altar of Ru.
  3431 | D:4      | Found a shimmering blue altar of Sif Muna.
  3431 | D:4      | Found an ancient bone altar of Kikubaaqudgha.
  3431 | D:4      | Found a shimmering blue altar of Sif Muna.
  3530 | D:4      | You fall into a shaft and drop 2 floors!
  3545 | D:6      | Identified the +5 dagger of the Philosopher {protect, rC+
                  | Int+4}
  3581 | D:6      | HP: 8/44 [orc/+0 flail (4)]
  3582 | D:6      | 3582 ||| READING 2 scrolls of teleportation.
  3583 | D:6      | 3583 ||| Stepping ~*~*~tactically~*~*~ (outnumbered).
  3586 | D:6      | Noticed Eustachio
  3587 | D:6      | 3587 ||| READING scroll of teleportation.
  3587 | D:6      | Killed from afar by an orc priest

Levels and vault maps discovered:
D:1:      dpeg_arrival_another_circle, layout_loops_ring, serial_shops, shop
D:2:      layout_basic, basic_ecumenical_altar, minmay_pentomino_o2
D:3:      layout_loops_cross, serial_shops, nicolae_shop_back_alley_shop,
          uniq_jessica
D:4:      layout_basic, doesnt_xom_only_xom, uniq_duvessa, uniq_sigmund
D:6:      layout_basic, minmay_manual_mail, uniq_grinder,
          uniq_crazy_yiuf_cottage, uniq_eustachio, uniq_menkaure

Skill      XL: |  1  2  3  4  5  6  7 |
---------------+----------------------+-----
Ranged Weapons | 5 6 7 |  7.5
Fighting       | 3 4 |  4.9
Armour         | 1 |  1.4
Dodging        | 2 |  2.6
Stealth        | |  1.1

Action                     |  1- 3 |  4- 6 |  7- 9 || total
---------------------------+-------+-------+-------++-------
   Fire: Shortbow          |   122 |   128 |    71 ||   321
    Use: Scroll            |     6 |     8 |     2 ||    16
         Potion            |     2 |       |       ||     2
 Armour: Leather armour    |    12 |     5 |       ||    17
         Robe              |       |    19 |    10 ||    29
  Dodge: Dodged            |    23 |    34 |    36 ||    93
  Block: Other             |       |    22 |    12 ||    34
         Reflection        |       |     1 |       ||     1

Table legend:
 A = Non-vault XP
 B = Vault XP
 C = Vault XP percentage of total XP
 D = Non-vault monster count
 E = Vault monster count
 F = Vault count percentage of total count
                 A         B        C        D         E       F
            +---------+---------+-------+---------+---------+-------
      Total |     441 |     558 |  55.9 |      75 |       8 |   9.6
            +---------+---------+-------+---------+---------+-------
        D:1 |      38 |       0 |   0.0 |      20 |       0 |   0.0
        D:2 |      39 |       4 |   9.3 |      21 |       2 |   8.7
        D:3 |      45 |      37 |  45.1 |      19 |       1 |   5.0
        D:4 |     319 |     452 |  58.6 |      15 |       3 |  16.7
        D:6 |       0 |      65 | 100.0 |       0 |       2 | 100.0
            +---------+---------+-------+---------+---------+-------
